 Dungeon Crawl Stone Soup version 0.28.0-47-ge53b351184 (webtiles) character file.

Game seed: 2084180595132044419

35 joe1234567 the Slasher (level 3, 0/33 HPs)
             Began as a Minotaur Chaos Knight on May 7, 2022.
             Was a Plaything of Xom.
             Slain by a swamp drake (4 damage)
             ... while paralysed by you
             ... on level 2 of the Dungeon.
             The game lasted 00:03:52 (1028 turns).

joe1234567 the Slasher (Minotaur Chaos Knight)      Turns: 1028, Time: 00:03:53

Health: 0/33       AC:  5    Str: 16      XL:     3   Next: 17%
Magic:  2/2        EV:  2    Int: 11      God:    Xom [*.....]
Gold:   58         SH:  0    Dex:  8 (9)  Spells: 2/2 levels left

rFire   . . .      SeeInvis .   a - +0 falchion (chaos)
rCold   . . .      Faith    .   (no shield)
rNeg    . . .      Spirit   .   b - +2 leather armour
rPois   .          Reflect  .   (helmet restricted)
rElec   .          Harm     .   (no cloak)
rCorr   .          Rampage  .   (no gloves)
Will    .....                   (no boots)
Stlth   +.........              (no amulet)
HPRegen 0.11/turn               (no ring)
MPRegen 0.08/turn               (no ring)

@: paralysed
A: horns 2, retaliatory headbutt
a: Renounce Religion


You were on level 2 of the Dungeon.
You worshipped Xom.
You were a special plaything of Xom.
You visited 1 branch of the dungeon, and saw 2 of its levels.

You collected 58 gold pieces.

Inventory:

Hand Weapons
 a - a +0 falchion of chaos (weapon)
Armour
 b - a +2 leather armour (worn)
Scrolls
 c - 2 scrolls of teleportation {unknown}
 d - a scroll of amnesia {unknown}
 f - a scroll of enchant weapon {unknown}
 j - a scroll of vulnerability {unknown}
 k - a scroll of enchant armour {unknown}
Potions
 e - 2 potions of ambrosia {unknown}
 g - a potion of brilliance {unknown}
 h - a potion of haste {unknown}
 i - a potion of curing {unknown}
 l - a potion of heal wounds {unknown}


   Skills:
 + Level 4.1 Fighting
 + Level 4.3 Long Blades
 + Level 3.0 Armour
 + Level 1.4 Dodging


You had 2 spell levels left.
You didn't know any spells.
Your spell library was empty.

Dungeon Overview and Level Annotations

Branches:
Dungeon (2/15)

Altars:

Shops:
D:1 (


Innate Abilities, Weirdness & Mutations

You have a pair of horns on your head.
You reflexively headbutt those who attack you in melee.


Message History

The hobgoblin is lightly wounded.
The hobgoblin hits you.
You closely miss the hobgoblin. Your headbutt misses the hobgoblin.
The hobgoblin is lightly wounded.
The hobgoblin closely misses you.
You barely miss the hobgoblin.
The hobgoblin is lightly wounded.
The hobgoblin hits you.
* * * LOW HITPOINT WARNING * * *
The worm closely misses you. You furiously retaliate!
You headbutt the worm. You barely miss the hobgoblin.
Your headbutt misses the hobgoblin.
The hobgoblin is lightly wounded.
Xom asks Qazlal to spice things up a little.
The hobgoblin closely misses you.
You hit the hobgoblin but do no damage.
Space warps around the hobgoblin.
Your headbutt misses the hobgoblin.
The hobgoblin is almost dead.
You are engulfed in seething chaos.
You hear Xom's avuncular chuckle.
The worm evaporates and reforms as a swamp drake!
The hobgoblin barely misses you. The swamp drake breathes poison at you.
The noxious blast engulfs you but does no damage.
You are poisoned.
You barely miss the hobgoblin. Your headbutt misses the hobgoblin.
The hobgoblin is almost dead.
You are engulfed in seething chaos.
You feel sick.
The hobgoblin is engulfed in noxious fumes.
The hobgoblin appears confused.
The hobgoblin completely misses you. The swamp drake closely misses you.
You catch the helpless hobgoblin completely off-guard!
You hit the hobgoblin but do no damage.
The hobgoblin is almost dead.
You are engulfed in seething chaos.
You suddenly lose the ability to move!
You feel sick.
You are no longer poisoned.
The hobgoblin is engulfed in noxious fumes.
The hobgoblin appears confused.
The swamp drake bites you.
You die...
Xom howls with laughter!

#.......#
#.....#
#..$....#
#.....#
#<......#
#######
##.......#
......†.<#
#........#
#....°°°°#
......k°°#
#.#...g@°#
#.##+#####


You could see a swamp drake and a hobgoblin (agile, confused).

Vanquished Creatures
  A gnoll (D:1)
  2 dart slugs
  An endoplasm (D:1)
  A goblin (D:1)
  2 jackals (D:1)
  2 quokkas (D:1)
  A ball python (D:1)
  A bat (D:1)
  11 frilled lizards (D:1)
  2 kobolds (D:1)
  3 rats
27 creatures vanquished.

Notes
Turn   | Place    | Note
-------+----------+-------------------------------------------
     0 | D:1      | joe1234567 the Minotaur Chaos Knight began the quest for
                  | the Orb.
     0 | D:1      | Reached XP level 1. HP: 19/19 MP: 0/0
    26 | D:1      | XOM: potion effect (curing)
    41 | D:1      | Reached XP level 2. HP: 23/27 MP: 1/1
   246 | D:1      | XOM: silly message
   335 | D:1      | Found Dasso's Weapon Emporium.
   335 | D:1      | XOM: 2-stop teleportation journey
   459 | D:1      | XOM: noise
   492 | D:1      | XOM: stat loss: -1 Dex (8/9)
   520 | D:1      | Reached XP level 3. HP: 33/33 MP: 2/2
  1025 | D:2      | XOM: chaos cloud
  1026 | D:2      | Noticed a swamp drake
  1026 | D:2      | a worm changed into a swamp drake
  1026 | D:2      | XOM: polymorph worm -> swamp drake
  1028 | D:2      | Paralysed by you for 7 turns
  1028 | D:2      | Slain by a swamp drake

Illustrated notes

Levels and vault maps discovered:
D:1:      dpeg_arrival_ternary, layout_loops_ring, serial_shops,
          nicolae_shop_bloodbath_and_beyond, minivault_27, minmay_lizard_pond
D:2:      layout_basic, basic_altar

Skill      XL: |  1  2  3 |
---------------+----------+-----
Long Blades    | 4 |  4.3
Fighting       | 4 |  4.1
Armour         | 3 |  3.0
Dodging        | |  1.4

Action                   || total
-------------------------++-------
Melee: Falchion          ||    66
       Headbutt          ||     3
 Stab: Confused          ||     1
Armor: Leather armour    ||    39
Dodge: Dodged            ||    55
